[Event "Titled Tuesday Blitz June 13 Late 2023"]
[White "Kramnik, Vladimir"]
[Black "Ribeiro, Matheus Mendes Domingues"]
[WhiteFideId "4101588"]
[BlackFideId "324226923"]
[WhiteElo "2703"]
[BlackElo "2142"]
[Result "1/2-1/2"]
[Round "1"]
[TimeControl "180+2"]
[Date "2023.06.13"]
[WhiteClock "0:00:04"]
[BlackClock "0:00:06"]
[Board "24"]

1. c4 e6 2. Nc3 d5 3. d4 Nf6 4. cxd5 exd5 5. Bg5 Be6 6. e3 c6 7. Bd3 Nbd7 8. Nge2 h6 9. Bh4 g5 10. Bg3 Nh5 11. Qc2 Nxg3 12. Nxg3 h5 13. O-O-O Qa5 14. Kb1 O-O-O 15. h4 g4 16. Nge2 Kb8 17. a3 Rc8 18. Nf4 c5 19. Qa4 Qxa4 20. Nxa4 cxd4 21. exd4 Bd6 22. g3 Nf6 23. Nxe6 fxe6 24. Rhe1 Rce8 25. Nc3 Rhf8 26. Re2 e5 27. Nb5 e4 28. Nxd6 exd3 29. Rxe8+ Nxe8 30. Nxe8 Rxe8 31. Rxd3 Re2 32. f3 Re1+ 33. Kc2 gxf3 34. Rxf3 Rg1 35. Rc3 b6 36. b4 Kb7 37. b5 Rg2+ 38. Kb3 Rd2 39. Rf3 Rxd4 40. Rf7+ Kb8 41. Rg7 Rd3+ 42. Kb4 Rf3 43. a4 Re3 44. Rg5 d4 45. Kc4 d3 46. Kc3 Rf3 47. Rg7 Ka8 48. Rd7 Rxg3 49. Rxd3 Rg4 50. Rd4 Rg3+ 51. Kc4 Rh3 52. Kd5 Kb7 53. Ke5 Rg3 54. Kd6 Rg4 55. Ke5 Rg8 56. Rd7+ Kb8 57. Rh7 Rg4 58. Rxh5 Rxa4 59. Rh8+ Kb7 60. Rh7+ Kb8 61. Kd5 Rb4 62. Kc6 Rc4+ 63. Kd6 Rc5 64. Rh8+ Kb7 65. Rh7+ Kb8 66. Rh8+ Kb7 67. Rh7+ Kb8 1/2-1/2


[Site "https://www.chess.com"]

[Event "Titled Tuesday Blitz June 13 Late 2023"]
[White "Girsh, Daniel"]
[Black "Mikaelyan, Arman"]
[WhiteFideId "30949190"]
[BlackFideId "13304852"]
[WhiteElo "2075"]
[BlackElo "2456"]
[Result "0-1"]
[Round "1"]
[TimeControl "180+2"]
[Date "2023.06.13"]
[WhiteClock "0:00:02"]
[BlackClock "0:00:10"]
[Board "25"]

1. d4 b6 2. c4 Bb7 3. Nc3 e6 4. e4 Bb4 5. Bd3 Nf6 6. Qe2 O-O 7. Nf3 c5 8. O-O cxd4 9. Nxd4 Bxc3 10. bxc3 d6 11. Ba3 a6 12. Rad1 Re8 13. f4 e5 14. Nf5 Re6 15. Nxd6 Bc6 16. Nf5 Nbd7 17. Qf3 Nc5 18. Bc2 Qc7 19. Qg3 g6 20. fxe5 Nfxe4 21. Bxe4 Nxe4 22. Nh6+ Kg7 23. Qf4 Qxe5 24. Qxf7+ Kxh6 25. Bc1+ g5 26. Rd3 Qc5+ 27. Be3 Qe7 28. Qf5 Re5 29. Qh3+ Kg6 30. Bxb6 Rf8 31. Rxf8 Qxf8 32. Rf3 Qb8 33. Bd4 Nf6 34. Rxf6+ Kxf6 35. Qh6+ Kf5 36. Qxh7+ Kf4 37. g3+ Kg4 38. Bxe5 Qxe5 39. h3+ Kxg3 40. Qd3+ Bf3 41. Qd2 Qc5+ 42. Kf1 Kxh3 43. Qd7+ g4 44. Qh7+ Kg3 45. Qc2 Qe3 46. Qb2 Qd3+ 47. Kg1 Qd1# 0-1


[Site "https://www.chess.com"]

[Event "Titled Tuesday Blitz June 13 Late 2023"]
[White "Vazquez, Guillermo"]
[Black "Haszon, David"]
[WhiteFideId "3702308"]
[BlackFideId "733610"]
[WhiteElo "2543"]
[BlackElo "2210"]
[Result "1-0"]
[Round "1"]
[TimeControl "180+2"]
[Date "2023.06.13"]
[WhiteClock "0:01:10"]
[BlackClock "0:00:11"]
[Board "26"]

1. b3 e5 2. Bb2 f6 3. d4 d6 4. e4 Nh6 5. Nc3 Be7 6. Nge2 O-O 7. h3 Nf7 8. g4 c6 9. Bg2 Ng5 10. d5 g6 11. Ng3 Kh8 12. h4 Nf7 13. h5 g5 14. Nf5 Bxf5 15. exf5 c5 16. h6 Qd7 17. a4 Bd8 18. Ne4 Kg8 19. Kf1 a6 20. a5 Qc7 21. Bf3 Nd7 22. Be2 b5 23. axb6 Nxb6 24. Rxa6 Rxa6 25. Bxa6 Be7 26. Kg2 Ra8 27. Be2 Qb7 28. c4 Ra2 29. Qb1 Qa7 30. Nc3 Qa8 31. Qxa2 1-0


[Site "https://www.chess.com"]

[Event "Titled Tuesday Blitz June 13 Late 2023"]
[White "Hnydiuk, Aleksander"]
[Black "Bortnyk, Olexandr"]
[WhiteFideId "1109057"]
[BlackFideId "14120828"]
[WhiteElo "2374"]
[BlackElo "2733"]
[Result "0-1"]
[Round "1"]
[TimeControl "180+2"]
[Date "2023.06.13"]
[WhiteClock "0:00:00"]
[BlackClock "0:00:57"]
[Board "27"]

1. d4 d6 2. e4 Nf6 3. Nc3 Nbd7 4. f4 e5 5. Nf3 exd4 6. Qxd4 c6 7. Be3 d5 8. e5 Bc5 9. Qd2 Bxe3 10. Qxe3 Ng4 11. Qd2 Qb6 12. O-O-O Nc5 13. Kb1 h5 14. h3 Nh6 15. Be2 Bf5 16. Nd4 h4 17. Rhg1 Ne4 18. Nxe4 Bxe4 19. Bf3 O-O-O 20. Bxe4 dxe4 21. Qe3 Rd5 22. c3 Rhd8 23. Rde1 c5 24. Nb3 Qg6 25. Kc1 b6 26. Re2 Nf5 27. Qf2 Ng3 28. Re3 Qh5 29. Ree1 Rd3 30. a3 Qf5 31. Kb1 e3 32. Qc2 Qxf4 33. Ka2 Qxe5 0-1


[Site "https://www.chess.com"]

[Event "Titled Tuesday Blitz June 13 Late 2023"]
[White "Swiercz, Dariusz"]
[Black "Ai, Evan"]
[WhiteFideId "1126881"]
[BlackFideId "2094770"]
[WhiteElo "2620"]
[BlackElo "1963"]
[Result "1-0"]
[Round "1"]
[TimeControl "180+2"]
[Date "2023.06.13"]
[WhiteClock "0:00:11"]
[BlackClock "0:00:11"]
[Board "28"]

1. e4 e5 2. Nf3 Nc6 3. Bb5 a6 4. Ba4 Nf6 5. d3 Bc5 6. Bxc6 dxc6 7. Nbd2 Qe7 8. Qe2 Bg4 9. h3 Bxf3 10. Nxf3 h6 11. a3 Nd7 12. b4 Bd6 13. Bb2 a5 14. c3 axb4 15. axb4 Rxa1+ 16. Bxa1 O-O 17. O-O b5 18. Qa2 Nb6 19. Qb3 Ra8 20. Bb2 Na4 21. Bc1 Rb8 22. Be3 c5 23. bxc5 Bxc5 24. d4 Bd6 25. Ra1 c5 26. dxc5 Nxc5 27. Bxc5 Bxc5 28. Qd5 Rd8 29. Ra8 Rxa8 30. Qxa8+ Kh7 31. Qc8 g6 32. Qc6 b4 33. cxb4 Bxb4 34. Qd5 Bd6 35. g3 Kg7 36. Kg2 Bc7 37. h4 Qd6 38. Qb5 Qe6 39. h5 g5 40. Nd2 Qb6 41. Qxb6 Bxb6 42. Nc4 Bd4 43. Nd6 Bc5 44. Nf5+ Kh7 45. f3 f6 46. Kf1 Bf8 47. Ke2 Kg8 48. Kd3 Kf7 49. Kc4 Ke6 50. Kb5 Kd7 51. Ne3 Ke6 52. Kc6 Bb4 53. Nf5 Bf8 54. Kc7 Kf7 55. Kd7 Bg7 56. Nxg7 Kxg7 57. Ke7 f5 58. exf5 g4 59. f6+ Kh7 60. f7 gxf3 61. f8=Q f2 62. Qxf2 1-0


[Site "https://www.chess.com"]

[Event "Titled Tuesday Blitz June 13 Late 2023"]
[White "Flynn, Jacob"]
[Black "Sanal, Vahap"]
[WhiteFideId "2509393"]
[BlackFideId "6300545"]
[WhiteElo "2053"]
[BlackElo "2606"]
[Result "0-1"]
[Round "1"]
[TimeControl "180+2"]
[Date "2023.06.13"]
[WhiteClock "0:01:04"]
[BlackClock "0:01:32"]
[Board "29"]

1. d4 Nf6 2. c4 d6 3. Nf3 g6 4. Nc3 Bg7 5. g3 O-O 6. Bg2 c6 7. e4 Bg4 8. O-O Qb6 9. Rb1 Qa6 10. b3 b5 11. cxb5 cxb5 12. h3 Bxf3 13. Bxf3 Nc6 14. Be2 Qa5 15. Nxb5 Nxe4 16. Bf3 Qxb5 17. Bxe4 d5 18. Bd3 Qb6 19. Be3 Bxd4 20. Bxd4 Nxd4 21. Re1 e6 22. b4 Rfc8 23. a4 a5 24. bxa5 Qxa5 25. Bb5 Qxe1+ 26. Qxe1 Nf3+ 27. Kf1 Nxe1 28. Kxe1 Kf8 29. Kd2 Ke7 30. f4 Kd6 31. h4 h5 32. Rb2 f6 33. Kd3 e5 34. fxe5+ fxe5 35. Rf2 Rf8 36. Rc2 Rac8 37. Rg2 Rf3+ 38. Ke2 e4 39. g4 Rc2+ 0-1


[Site "https://www.chess.com"]

[Event "Titled Tuesday Blitz June 13 Late 2023"]
[White "Rasulov, Vugar"]
[Black "Estrada Nieto, Julian"]
[WhiteFideId "13402390"]
[BlackFideId "5101018"]
[WhiteElo "2509"]
[BlackElo "2161"]
[Result "1-0"]
[Round "1"]
[TimeControl "180+2"]
[Date "2023.06.13"]
[WhiteClock "0:01:12"]
[BlackClock "0:00:02"]
[Board "30"]

1. e4 e5 2. Nf3 Nc6 3. Bb5 a6 4. Ba4 Nf6 5. O-O Be7 6. Re1 b5 7. Bb3 d6 8. c3 O-O 9. h3 Bb7 10. d4 Re8 11. Nbd2 Bf8 12. Bc2 h6 13. a3 Nb8 14. d5 c6 15. dxc6 Bxc6 16. Nf1 Nbd7 17. Ng3 Qc7 18. Qe2 Nc5 19. Nh4 g6 20. Qf3 Nh7 21. Qe2 Qb7 22. b4 Ne6 23. a4 Nf4 24. Qd1 Ng5 25. Nf3 Qe7 26. Nxg5 Qxg5 27. Kh2 h5 28. Qf3 Bg7 29. Ne2 Qf6 30. Bxf4 exf4 31. Nd4 Bd7 32. axb5 axb5 33. Ra5 Rxa5 34. bxa5 b4 35. a6 bxc3 36. Rd1 Ra8 37. e5 Qd8 38. e6 Be8 39. exf7+ Bxf7 40. Nc6 Qc7 41. Ne7+ Qxe7 42. Qxa8+ Kh7 43. a7 Qe2 44. Qe4 Qxf2 45. a8=Q Qg3+ 46. Kh1 Be5 47. Qab7 Kg7 48. Qxg6+ Qxg6 49. Bxg6 Kxg6 50. Qe4+ Kf6 51. Rc1 Bg6 52. Qf3 c2 53. Qf2 Kg5 54. Rxc2 Bxc2 55. Qxc2 h4 56. Qe4 Kf6 57. Kg1 Ke6 58. Kf2 d5 59. Qg6+ Bf6 60. Kf3 Ke5 61. Qh5+ Kd4 62. Kxf4 Be7 63. Kf3 Bc5 64. Qxh4+ Kc3 65. Qf6+ d4 66. Qc6 1-0


[Site "https://www.chess.com"]

[Event "Titled Tuesday Blitz June 13 Late 2023"]
[White "Rottenwohrer Suarez, Juan"]
[Black "Demidov, Mikhail"]
[WhiteFideId "32068182"]
[BlackFideId "4197143"]
[WhiteElo "2174"]
[BlackElo "2500"]
[Result "0-1"]
[Round "1"]
[TimeControl "180+2"]
[Date "2023.06.13"]
[WhiteClock "0:00:01"]
[BlackClock "0:00:58"]
[Board "31"]

1. d4 g6 2. e4 Bg7 3. Nc3 a6 4. Nf3 b5 5. Bd3 Bb7 6. O-O d6 7. Bg5 h6 8. Be3 Nd7 9. d5 Ngf6 10. h3 c6 11. a3 cxd5 12. exd5 O-O 13. Qd2 Nxd5 14. Nxd5 Bxd5 15. Be2 Bxf3 16. Bxf3 Rc8 17. Bb7 Rb8 18. Bxa6 Nc5 19. Bxc5 dxc5 20. Qxd8 Rfxd8 21. c4 bxc4 22. Bxc4 Rxb2 23. Rab1 Rc2 24. Bb5 Rdd2 25. Rbd1 Bd4 26. Rxd2 Rxd2 27. a4 Ra2 28. g3 e5 29. Kg2 e4 30. Kg1 Kg7 31. g4 f5 32. gxf5 gxf5 33. Rd1 Bxf2+ 34. Kf1 Bd4 35. Rb1 0-1


[Site "https://www.chess.com"]

[Event "Titled Tuesday Blitz June 13 Late 2023"]
[White "Henriquez Villagra, Cristobal"]
[Black "Toniutti, Ezio"]
[WhiteFideId "3409350"]
[BlackFideId "113034"]
[WhiteElo "2542"]
[BlackElo "2215"]
[Result "0-1"]
[Round "1"]
[TimeControl "180+2"]
[Date "2023.06.13"]
[WhiteClock "0:00:06"]
[BlackClock "0:00:08"]
[Board "32"]

1. g3 d5 2. Bg2 Nf6 3. d3 c6 4. f4 Bf5 5. Nf3 h6 6. O-O e6 7. Kh1 Be7 8. Nbd2 Bh7 9. Qe1 O-O 10. e4 c5 11. b3 Nc6 12. a3 a5 13. e5 Nd7 14. a4 Nb4 15. Qd1 Rc8 16. Ba3 Qb6 17. Ne1 Rfd8 18. Qe2 Nc6 19. Bb2 Qc7 20. Qf2 Nb6 21. g4 c4 22. bxc4 dxc4 23. d4 c3 24. Bxc3 Bb4 25. Bb2 Bxd2 26. Qxd2 Nc4 27. Qc1 Nxb2 28. Qxb2 Nxd4 29. Qxb7 Nxc2 30. Qxc7 Rxc7 31. Nxc2 Rxc2 32. Rad1 Rcd2 33. Rde1 Bd3 34. Rf3 Bc4 35. Rfe3 Bd5 36. Bxd5 R8xd5 37. f5 Rc5 38. h3 Rcc2 39. Rg3 Rh2+ 40. Kg1 Rhf2 41. fxe6 fxe6 42. Rb1 Kh7 43. h4 Rfe2 44. g5 hxg5 45. hxg5 Kg6 46. Kf1 Rxe5 47. Rb5 Rxb5 48. axb5 Rb2 49. Re3 Rxb5 50. Rxe6+ Kxg5 51. Ra6 Rf5+ 52. Kg2 g6 53. Kg3 Rb5 54. Kf3 Kf5 55. Ke3 g5 56. Kd4 Kg4 57. Ke3 Rf5 58. Ke4 Rf4+ 59. Ke3 Rf5 60. Ke4 Rb5 61. Ra8 Kg3 62. Kd4 g4 63. Kc4 Rf5 64. Kd4 Kf3 65. Rc8 g3 66. Rc3+ Kg4 67. Ke4 Rf4+ 68. Ke5 a4 69. Rc8 Kf3 70. Rc3+ Kg4 71. Rc8 g2 72. Rg8+ Kf3 0-1


[Site "https://www.chess.com"]

[Event "Titled Tuesday Blitz June 13 Late 2023"]
[White "Santos Flores, Alberto"]
[Black "Xiong, Jeffery"]
[WhiteFideId "3601234"]
[BlackFideId "2047640"]
[WhiteElo "2235"]
[BlackElo "2726"]
[Result "0-1"]
[Round "1"]
[TimeControl "180+2"]
[Date "2023.06.13"]
[WhiteClock "0:00:16"]
[BlackClock "0:01:54"]
[Board "33"]

1. e4 e6 2. d4 d5 3. Nc3 Bb4 4. e5 b6 5. Qg4 Bf8 6. Nf3 Qd7 7. h4 Ne7 8. Qf4 h6 9. g4 Ba6 10. Bxa6 Nxa6 11. Be3 c5 12. Ne2 Nb4 13. Kd2 Rc8 14. c3 Nbc6 15. h5 Na5 16. b3 Nec6 17. g5 cxd4 18. Nexd4 Nxd4 19. Bxd4 hxg5 20. Nxg5 Nc6 21. Qe3 Nxd4 22. cxd4 Bb4+ 23. Ke2 Rc3 24. Qf4 Qb5+ 0-1


[Site "https://www.chess.com"]

[Event "Titled Tuesday Blitz June 13 Late 2023"]
[White "Zhigalko, Sergei"]
[Black "Ronka, Erik"]
[WhiteFideId "13502956"]
[BlackFideId "505080"]
[WhiteElo "2626"]
[BlackElo "2264"]
[Result "1-0"]
[Round "1"]
[TimeControl "180+2"]
[Date "2023.06.13"]
[WhiteClock "0:00:08"]
[BlackClock "0:00:00"]
[Board "34"]

1. e4 c5 2. Nf3 d6 3. d4 cxd4 4. Qxd4 Nc6 5. Bb5 a6 6. Bxc6+ bxc6 7. c4 e5 8. Qd3 Nf6 9. O-O Nd7 10. Be3 Be7 11. Nc3 O-O 12. Rfd1 Rb8 13. b3 Qa5 14. Na4 c5 15. Nd2 Re8 16. Nc3 Bb7 17. Nd5 Qd8 18. Nb1 Bxd5 19. Qxd5 Nf8 20. Nc3 Ne6 21. Qd3 Nd4 22. Nd5 a5 23. Bxd4 exd4 24. a4 Bf8 25. f4 g6 26. Qf3 Bg7 27. Rd3 Qd7 28. f5 Re5 29. g4 Rbe8 30. Re1 Kh8 31. Re2 f6 32. Nf4 Bh6 33. fxg6 Bxf4 34. Qxf4 Qg7 35. gxh7 Qg6 36. Rf3 Rxe4 37. Rxe4 Rxe4 38. Qxf6+ Qxf6 39. Rxf6 Rxg4+ 40. Kf2 Rh4 41. Rxd6 Rxh2+ 42. Kg3 Rb2 43. Rb6 Kxh7 44. Kf3 Kg7 45. Ke4 Kf7 46. Kd5 d3 47. Kxc5 d2 48. Rd6 Rxb3 49. Rxd2 Rb4 50. Ra2 Kg7 51. Kd5 Kf7 52. c5 Ke7 53. Kc6 Kd8 54. Rd2+ Kc8 55. Rh2 Kb8 56. Rh8+ Ka7 57. Rh7+ Ka8 58. Rh8+ Ka7 59. Rd8 Rxa4 60. Rd7+ Ka8 61. Kb6 Rb4+ 62. Kxa5 Rc4 63. Kb6 Rb4+ 64. Kc6 Kb8 65. Rd8+ Ka7 66. Rg8 Rb1 67. Kd6 Rd1+ 68. Kc7 Rh1 69. Rg7 Ka8 70. c6 Ka7 71. Rf7 Rh2 72. Re7 Rh8 73. Rd7 Rh6 74. Rf7 Rh8 75. Kd7 Rg8 76. Re7 Rh8 77. Rg7 Rf8 78. Kd6+ Kb6 79. Rb7+ Ka6 80. Rb2 Rd8+ 81. Ke7 Rg8 82. c7 Rh8 83. Kd7 Rh7+ 84. Kc6 Rh6+ 85. Kd5 Rh5+ 86. Ke6 Rc5 87. Kd7 Rd5+ 88. Ke7 Rc5 89. Kd8 Rd5+ 90. Kc8 Ka7 91. Ra2+ Kb6 92. Kb8 1-0


[Site "https://www.chess.com"]

[Event "Titled Tuesday Blitz June 13 Late 2023"]
[White "Koutlas, Nikolaos"]
[Black "Babazada, Khazar"]
[WhiteFideId "25827138"]
[BlackFideId "13413554"]
[WhiteElo "2215"]
[BlackElo "2369"]
[Result "1-0"]
[Round "1"]
[TimeControl "180+2"]
[Date "2023.06.13"]
[WhiteClock "0:00:18"]
[BlackClock "0:00:05"]
[Board "35"]

1. c4 e5 2. Nc3 Nc6 3. d3 Nf6 4. Nf3 Bc5 5. g3 d5 6. cxd5 Nxd5 7. Bg2 O-O 8. O-O Nde7 9. a3 a6 10. b4 Ba7 11. Bb2 f6 12. Rc1 Be6 13. b5 axb5 14. Nxb5 Bb6 15. d4 e4 16. Nd2 e3 17. fxe3 Nd5 18. Nc4 Na5 19. Nxb6 cxb6 20. Qd3 f5 21. e4 fxe4 22. Bxe4 Nf6 23. Bg2 Rc8 24. Rxc8 Qxc8 25. d5 Bd7 26. Nd6 Qc5+ 27. Kh1 Qxd6 28. e4 Ng4 29. Rxf8+ Qxf8 30. Qd4 Nb3 31. Qc3 Nc5 32. e5 Na4 33. Qd4 Nxb2 34. e6 Bb5 35. Qxb2 Bf1 36. Qd4 Bxg2+ 37. Kxg2 Nf6 38. d6 Qd8 39. d7 h5 40. e7 1-0


[Site "https://www.chess.com"]

[Event "Titled Tuesday Blitz June 13 Late 2023"]
[White "Kovalev, Vladislav"]
[Black "Krishnakumar, Sriram"]
[WhiteFideId "13504398"]
[BlackFideId "30915856"]
[WhiteElo "2555"]
[BlackElo "2483"]
[Result "1-0"]
[Round "1"]
[TimeControl "180+2"]
[Date "2023.06.13"]
[WhiteClock "0:00:37"]
[BlackClock "0:00:20"]
[Board "36"]

1. e4 e5 2. Nf3 Nc6 3. Bb5 a6 4. Ba4 Nf6 5. O-O b5 6. Bb3 Bc5 7. a4 Rb8 8. c3 d6 9. d4 Bb6 10. a5 Ba7 11. Be3 Qe7 12. h3 O-O 13. Re1 Rd8 14. Nbd2 Bb7 15. Qe2 exd4 16. cxd4 Nb4 17. d5 Bxe3 18. Qxe3 c5 19. dxc6 Nxc6 20. Nh4 Ne5 21. Nf5 Qf8 22. Rad1 Nc4 23. Nxc4 bxc4 24. Bc2 g6 25. Qd4 Nh5 26. Nxd6 Nf4 27. Qe5 Ne6 28. Nxc4 Rdc8 29. b3 Rc5 30. Qf6 Rd8 31. Rxd8 Qxd8 32. Qxd8+ Nxd8 33. Rd1 Nc6 34. Rd7 Bc8 35. Rc7 Be6 36. Bd3 Kf8 37. b4 Nxb4 38. Rxc5 Nxd3 39. Rc7 Bxc4 40. Rxc4 Ke7 41. Rc6 Nb4 42. Rb6 Nd3 43. Rxa6 Nc5 44. Rb6 Nxe4 45. a6 1-0


[Site "https://www.chess.com"]

[Event "Titled Tuesday Blitz June 13 Late 2023"]
[White "Uzcategui Rodriguez, Alejandro"]
[Black "Tari, Aryan"]
[WhiteFideId "3903400"]
[BlackFideId "1510045"]
[WhiteElo "2252"]
[BlackElo "2586"]
[Result "0-1"]
[Round "1"]
[TimeControl "180+2"]
[Date "2023.06.13"]
[WhiteClock "0:00:54"]
[BlackClock "0:01:56"]
[Board "37"]

1. d4 Nf6 2. Nf3 g6 3. Bg5 Bg7 4. Nbd2 c5 5. e3 cxd4 6. exd4 Qb6 7. Rb1 Qe6+ 8. Be2 Qxa2 9. O-O O-O 10. Nc4 Qa4 11. Ra1 Qc6 12. Nfe5 Qc7 13. Re1 d6 14. Nf3 Be6 15. Ne3 Nd5 16. c3 Nc6 17. Bb5 a6 18. Nxd5 Bxd5 19. Bxc6 Qxc6 20. Rxe7 h6 21. Bf4 Rfe8 22. Re3 g5 23. Bg3 f5 24. Rxe8+ Rxe8 25. h4 f4 26. hxg5 fxg3 27. fxg3 Bxf3 28. Qxf3 Qxf3 29. gxf3 hxg5 30. Kf2 Kf7 31. Ra5 Bf6 32. f4 gxf4 33. gxf4 Rh8 34. Ke3 Rh2 35. b4 Rh3+ 36. Kd2 Ke6 37. b5 Rh5 38. c4 Bxd4 39. Kd3 Bb6 40. Ra1 axb5 41. Rb1 bxc4+ 42. Kxc4 Bc5 43. Rxb7 Rh4 44. Kb5 Rxf4 45. Kc6 Rf8 46. Rb1 Rc8+ 47. Kb7 Kd7 48. Rd1 Rc7+ 49. Ka6 Kc6 50. Rxd6+ Bxd6 0-1


[Site "https://www.chess.com"]

[Event "Titled Tuesday Blitz June 13 Late 2023"]
[White "Aravindh, Chithambaram VR."]
[Black "Yurasova, Daria"]
[WhiteFideId "5072786"]
[BlackFideId "34146919"]
[WhiteElo "2596"]
[BlackElo "2109"]
[Result "1-0"]
[Round "1"]
[TimeControl "180+2"]
[Date "2023.06.13"]
[WhiteClock "0:00:22"]
[BlackClock "0:00:05"]
[Board "38"]

1. d4 d5 2. Nf3 Nf6 3. c3 Bf5 4. Bf4 e6 5. e3 Nbd7 6. h3 Bd6 7. Bxd6 cxd6 8. Nbd2 O-O 9. Be2 a6 10. O-O b5 11. a4 Rb8 12. b4 Ne4 13. Nxe4 Bxe4 14. Nd2 Bg6 15. axb5 axb5 16. Ra5 Qc7 17. Qb3 Rfc8 18. Rc1 Qc6 19. Qd1 Rb7 20. Qf1 Rcb8 21. Nb3 Nf6 22. Raa1 Qc7 23. Ra5 Qc6 24. f3 h5 25. h4 Nh7 26. Qe1 f6 27. Rca1 Be8 28. Ra8 Qc8 29. Rxb8 Qxb8 30. Ra6 Nf8 31. Qa1 Qc7 32. Ra8 Rb8 33. Rxb8 Qxb8 34. Qa6 Qc7 35. Qa1 Ng6 36. g3 Ne7 37. Kf2 Nf5 38. Bd3 Ne7 39. Nc1 g5 40. Ne2 gxh4 41. gxh4 Bg6 42. Bxb5 Kf7 43. Qa8 Nf5 44. Be8+ Kg7 45. Bxg6 Kxg6 46. Qg8+ Kh6 47. Qxe6 Nxh4 48. Qxf6+ Ng6 49. Nf4 Qg7 50. Qxg6+ Qxg6 51. Nxg6 Kxg6 1-0


[Site "https://www.chess.com"]

[Event "Titled Tuesday Blitz June 13 Late 2023"]
[White "Ladan, Nicholas"]
[Black "Grigoriants, Sergey"]
[WhiteFideId "30918855"]
[BlackFideId "4130804"]
[WhiteElo "2167"]
[BlackElo "2502"]
[Result "0-1"]
[Round "1"]
[TimeControl "180+2"]
[Date "2023.06.13"]
[WhiteClock "0:00:00"]
[BlackClock "0:00:32"]
[Board "39"]

1. d4 Nf6 2. Nf3 d5 3. Bf4 c5 4. e3 Nc6 5. Nbd2 Bg4 6. c3 e6 7. Qa4 Nd7 8. Ne5 Ndxe5 9. Bxe5 Qd7 10. Bg3 Bh5 11. Nf3 Bxf3 12. gxf3 cxd4 13. exd4 Bd6 14. Bd3 O-O 15. O-O Qc7 16. Rfe1 Ne7 17. Kg2 Ng6 18. Bxg6 hxg6 19. Qd1 b5 20. a4 Rfb8 21. Re2 b4 22. Rc1 bxc3 23. Rxc3 Qd7 24. Rec2 Rb4 25. Qd3 Bxg3 26. hxg3 Qxa4 27. Rc8+ Rxc8 28. Rxc8+ Kh7 29. Qf1 g5 30. Qh1+ Kg6 31. Rg8 Rxb2 32. Qh8 Qxd4 33. Rf8 Qxf2+ 0-1


[Site "https://www.chess.com"]

[Event "Titled Tuesday Blitz June 13 Late 2023"]
[White "Fressinet, Laurent"]
[Black "Mika, Tomasz"]
[WhiteFideId "608742"]
[BlackFideId "1132970"]
[WhiteElo "2633"]
[BlackElo "2186"]
[Result "1-0"]
[Round "1"]
[TimeControl "180+2"]
[Date "2023.06.13"]
[WhiteClock "0:01:03"]
[BlackClock "0:00:03"]
[Board "40"]

1. d4 Nf6 2. Nf3 e6 3. Bg5 Be7 4. Nbd2 O-O 5. e4 d5 6. e5 Nfd7 7. Bxe7 Qxe7 8. Bd3 c5 9. c3 Nc6 10. O-O b6 11. Qe2 a5 12. Bb5 Bb7 13. Qe3 cxd4 14. cxd4 Rfc8 15. a3 Ba6 16. Bxa6 Rxa6 17. Rac1 Ra7 18. Rc3 Rac7 19. Rfc1 Qd8 20. Qd3 Na7 21. h4 h6 22. Nf1 b5 23. Ne3 Nb6 24. b3 Rxc3 25. Rxc3 Rc7 26. Qc2 Rxc3 27. Qxc3 a4 28. Qa5 Qc7 29. bxa4 bxa4 30. g3 Nac8 31. Kg2 Qe7 32. Qc3 Qd7 33. h5 Qb5 34. Qc7 Qd7 35. Qc1 Qb5 36. Ng4 Nc4 37. Nxh6+ gxh6 38. Qxh6 Qb1 39. Qg5+ Kh7 40. Qd8 Qe4 41. Qxc8 Nd2 42. Qc3 Nxf3 43. Qxf3 Qxd4 44. Qxf7+ Kh6 45. Qg6# 1-0


[Site "https://www.chess.com"]

[Event "Titled Tuesday Blitz June 13 Late 2023"]
[White "Kokoszczynski, Jan"]
[Black "Elsa167"]
[WhiteFideId "1174460"]
[WhiteElo "2139"]
[BlackElo "2882"]
[Result "0-1"]
[Round "1"]
[TimeControl "180+2"]
[Date "2023.06.13"]
[WhiteClock "0:00:03"]
[BlackClock "0:00:04"]
[Board "41"]

1. d4 Nf6 2. c4 e6 3. Nc3 d5 4. cxd5 exd5 5. Bg5 Be7 6. e3 O-O 7. Bd3 Re8 8. Nf3 c6 9. h3 h6 10. Bf4 Bd6 11. Ne5 Qe7 12. O-O Nbd7 13. Nxd7 Bxd7 14. Bxd6 Qxd6 15. Rb1 a5 16. Qc2 Re7 17. Rfc1 Rae8 18. a3 g6 19. Na4 Ne4 20. Bxe4 Rxe4 21. Nc5 Bf5 22. Nxe4 Bxe4 23. Qc5 Qxc5 24. dxc5 Bxb1 25. Rxb1 Re4 26. Rc1 f5 27. Kf1 Kf7 28. Rc3 a4 29. Ke2 Re8 30. Rd3 Ra8 31. Rd4 Ra5 32. Rb4 Rxc5 33. Rxb7+ Kf6 34. Kd2 h5 35. h4 Rc4 36. g3 Ke5 37. Rg7 Rg4 38. Kd3 c5 39. Rg8 Kd6 40. Rg7 d4 41. exd4 Rxd4+ 42. Kc3 Rg4 43. Kd3 Ke6 44. Ke3 Kf6 45. Rc7 Re4+ 46. Kd3 Rd4+ 47. Kc3 Rd5 48. Rc6+ Kf7 49. Ra6 Rd4 50. Ra5 Re4 51. Rxc5 Re2 52. Rc4 Rxf2 53. Rxa4 Rf3+ 54. Kd2 Rxg3 55. b4 Rg4 56. Ra8 Rxh4 57. b5 Rh2+ 58. Ke3 Rb2 59. a4 h4 60. Rb8 h3 61. b6 h2 62. Rh8 Rxb6 63. Rxh2 Rb3+ 64. Kf4 Rb4+ 65. Kg5 Rg4+ 66. Kh6 Rxa4 67. Rb2 Rh4+ 68. Kg5 Rg4+ 69. Kh6 f4 70. Rb4 Kf6 71. Rb5 f3 72. Rc5 Rg3 73. Rc3 Kf5 74. Rc4 f2 75. Rh4 f1=Q 76. Kg7 0-1


[Site "https://www.chess.com"]

[Event "Titled Tuesday Blitz June 13 Late 2023"]
[White "Mekhitarian, Krikor Sevag"]
[Black "Baches Garcia, Guillermo"]
[WhiteFideId "2107660"]
[BlackFideId "2209764"]
[WhiteElo "2604"]
[BlackElo "2475"]
[Result "1-0"]
[Round "1"]
[TimeControl "180+2"]
[Date "2023.06.13"]
[WhiteClock "0:01:45"]
[BlackClock "0:01:50"]
[Board "42"]

1. Nf3 d5 2. c4 e6 3. d4 h6 4. Nc3 Nf6 5. cxd5 exd5 6. Bf4 Bd6 7. Bxd6 Qxd6 8. e3 O-O 9. Bd3 b6 10. O-O c5 11. Rc1 Nc6 12. dxc5 bxc5 13. Na4 Rb8 14. Rxc5 Nb4 15. Bb1 Ba6 16. Re1 Ne4 17. Bxe4 Qxh2+ 18. Kxh2 1-0


[Site "https://www.chess.com"]

[Event "Titled Tuesday Blitz June 13 Late 2023"]
[White "marik_spb"]
[Black "Zakhartsov, Vladimir"]
[BlackFideId "4145097"]
[WhiteElo "2474"]
[BlackElo "2508"]
[Result "0-1"]
[Round "1"]
[TimeControl "180+2"]
[Date "2023.06.13"]
[WhiteClock "0:00:05"]
[BlackClock "0:00:19"]
[Board "43"]

1. d4 Nf6 2. c4 e6 3. Nf3 d5 4. g3 Bb4+ 5. Bd2 Be7 6. Bg2 O-O 7. O-O c6 8. b3 Nbd7 9. Qc2 b6 10. Nc3 Ba6 11. cxd5 cxd5 12. Rfc1 Ba3 13. Re1 Rc8 14. Ne5 Nxe5 15. dxe5 Nd7 16. Qd1 Bb2 17. Na4 Bxa1 18. Qxa1 b5 19. Nc3 Nxe5 20. Nxb5 Bxb5 21. Qxe5 Qc7 22. Qd4 Qb6 23. Qg4 f6 24. Be3 Qa6 25. a4 Bd7 26. Bh6 Rf7 27. Be3 e5 28. Qb4 d4 29. Bd2 Be6 30. e3 Rd8 31. exd4 Rxd4 32. Qc3 Qd3 33. Qxd3 Rxd3 34. Be3 Rxb3 35. Ra1 g6 36. h4 Kg7 37. Bc6 Rc7 38. Bb5 Bd7 39. Be2 Rb4 40. a5 Ra4 41. Rxa4 Bxa4 42. h5 gxh5 43. Bxh5 Bb5 44. Bf3 a6 45. Bb6 Rc1+ 46. Kg2 Bc6 47. g4 Rc4 48. Bxc6 Rxc6 49. f3 Kg6 50. Kg3 Rc4 51. Kf2 f5 52. gxf5+ Kxf5 53. Kg3 h5 54. Bd8 Rc3 55. Kg2 Ra3 56. Bc7 Kf4 57. Bd8 Rxf3 0-1


[Site "https://www.chess.com"]

[Event "Titled Tuesday Blitz June 13 Late 2023"]
[White "Holt, Conrad"]
[Black "Zaitsev, Alexander"]
[WhiteFideId "2034387"]
[BlackFideId "4164490"]
[WhiteElo "2592"]
[BlackElo "2373"]
[Result "1-0"]
[Round "1"]
[TimeControl "180+2"]
[Date "2023.06.13"]
[WhiteClock "0:00:20"]
[BlackClock "0:00:00"]
[Board "44"]

1. d4 Nf6 2. c4 e6 3. Nc3 Bb4 4. Qc2 O-O 5. e4 d6 6. a3 Bxc3+ 7. bxc3 c5 8. e5 dxe5 9. dxe5 Nfd7 10. Nf3 Nc6 11. Bf4 f6 12. Bd3 Ndxe5 13. Nxe5 Nxe5 14. Bxh7+ Kh8 15. Bxe5 fxe5 16. O-O Bd7 17. Rad1 Qe7 18. Be4 Be8 19. Rd3 Rf6 20. Rh3+ Rh6 21. Rxh6+ gxh6 22. Qd2 Kg7 23. Qe3 Rd8 24. Bc2 Qf6 25. Qxc5 Rd2 26. Be4 Qf4 27. Bxb7 Bh5 28. Qc7+ Kh8 29. g3 Qf6 30. Qb8+ Kg7 31. Bg2 Be2 32. Qxa7+ 1-0


[Site "https://www.chess.com"]